 Dungeon Sprint DCSS version 0.27-a0-1291-geefcff550b (webtiles) character file.

Game seed: 9514374245949291939

1269 mhtbhm the Basher (level 8, -16/129 HPs)
             Began as a Minotaur Berserker on June 16, 2021.
             Was a High Priest of Trog.
             Demolished by Snorg (20 damage)
             ... in the Dungeon (Sprint III: "The Ten Rune Challenge").
             The game lasted 00:01:58 (1318 turns).

mhtbhm the Basher (Minotaur Berserker)              Turns: 1318, Time: 00:01:59

Health: -16/129    AC:  2    Str: 23    XL:     8   Next: 28%
Magic:  7/7        EV: 14    Int:  4    God:    Trog [*****.]
Gold:   47         SH:  0    Dex: 11    Spells: 7/7 levels left

rFire    . . .     SeeInvis .   a - +0 mace
rCold    . . .     Faith    .   (no shield)
rNeg     . . .     Spirit   .   b - +0 animal skin
rPois    .         Reflect  .   (helmet restricted)
rElec    .         Harm     .   (no cloak)
rCorr    .         Rampage  .   (no gloves)
Will     .....     NoTele   +   (no boots)
Stlth    ..........             (no amulet)
HPRegen  0.31/turn              (no ring)
MPRegen  0.10/turn              (no ring)

@: mighty, berserking, hasted, very quick
A: horns 2, retaliatory headbutt
a: Renounce Religion, Berserk, Trog's Hand, Brothers in Arms


You were in the Dungeon.
You worshipped Trog.
Trog was extremely pleased with you.
You visited 1 branch You collected 47 gold pieces.

Inventory:

Hand Weapons
 a - a +0 mace (weapon)
Armour
 b - a +0 animal skin (worn)
Scrolls
 d - a scroll of torment {unknown}
 h - 2 scrolls of blinking
 i - 3 scrolls of identify
 j - a scroll of enchant armour {unknown}
 l - a scroll of holy word {unknown}
Potions
 c - a potion of curing
 f - 3 potions of magic
 g - a potion of berserk rage
 k - 3 potions of flight
 m - 4 potions of mutation
Miscellaneous
 o - a piece from Xom's chessboard (13/15)


   Skills:
 + Level 13.4 Fighting
 + Level 13.8 Maces & Flails
 + Level 7.0 Armour
 + Level 7.7 Dodging


You had 7 spell levels left.
You didn't know any spells.
Your spell library was empty.

Dungeon Overview and Level Annotations

Branches:
Dungeon (1/1)

Altars:
Cheibriados
Dithmenos
Elyvilon
Fedhas
Gozag
Hepliaklqana
Kikubaaqudgha
Makhleb
Nemelex Xobeh
Okawaru
Qazlal
Ru
Sif Muna
Trog
Uskayaw
Vehumet
Wu Jian
Xom
Yredelemnul
Zin
The Shining One
Beogh
Jiyva
Lugonu

Annotations:
D Snorg


Innate Abilities, Weirdness & Mutations

You have a pair of horns on your head.
You reflexively headbutt those who attack you in melee.


Message History

Unknown command.
You make a move on Xom's chessboard...
Snorg resists with almost no effort.
Snorg bites you! Snorg claws you! Snorg barely misses you.
Unknown command.
Unknown command.
Okay, then.
You feel yourself speed up. Snorg bites you! Snorg barely misses you.
Snorg claws you.
There is an open door here.
You feel very mighty all of a sudden.
Snorg goes berserk!
A red film seems to cover your vision as you go berserk!
You feel yourself moving faster!
You feel mighty!
You feel a strong urge to attack something.
Snorg closely misses you. Snorg misses you. Snorg claws you!!
You hit Snorg.
Snorg is lightly wounded.
Snorg bites you!! Snorg claws you!!
* * * LOW HITPOINT WARNING * * *
Snorg barely misses you.
You closely miss Snorg.
Snorg is lightly wounded.
You closely miss Snorg.
Snorg is lightly wounded.
Snorg barely misses you. x3
You sock Snorg!
Snorg is lightly wounded.
Snorg bites you!!
* * * LOW HITPOINT WARNING * * *
Snorg closely misses you. Snorg barely misses you.
You bludgeon Snorg!!
Snorg is moderately wounded.
Snorg bites you but does no damage. Snorg completely misses you.
Snorg barely misses you.
You closely miss Snorg.
Snorg is moderately wounded.
You hit Snorg.
Snorg is moderately wounded.
Snorg closely misses you. Snorg claws you!!
You die...

♣♣ ♣.############ .♣
♣♣.#___#___#__# .♣
♣..#...#__.#._#
.♣♣♣♣.###'#'###)##
♣÷.♣♣.#..........#
≈..♣..'.⌠.)......#
≈≈≈...#...######'#
≈≈....#.⌠.#__#...#+####
≈.....#...#__#..@#.T§§§
......#)###__#..T#.#§§§#
......#.).#__#...'.#§§.#
......#___#__'...#.#§.§#
▓▓▓▓▓▓▓▓▓▓▓▓▓▓▓▓▓▓▓▓▓▓▓


You could see Snorg (berserk).

Vanquished Creatures
  A deep elf pyromancer (D)
  A shadow (D)
  A spatial vortex (D)
  A necrophage (D)
  A water elemental (D)
  A jelly (D)
  Jessica (D)
  A wizard (D)
  A necromancer (D)
  3 humans (D)
  A kobold demonologist (D)
  A wolf (D)
  An endoplasm (D)
  2 rats (D)
17 creatures vanquished.

Notes
Turn   | Place    | Note
-------+----------+-------------------------------------------
     0 | D        | mhtbhm the Minotaur Berserker began the quest for the Orb.
     0 | D        | Reached XP level 1. HP: 19/19 MP: 0/0
    36 | D        | Noticed Jessica
    40 | D        | Killed Jessica
    40 | D        | Reached ** piety under Trog
    41 | D        | Reached skill level 5 in Fighting
    41 | D        | Reached skill level 5 in Maces & Flails
    41 | D        | Reached XP level 2. HP: 18/30 MP: 1/1
    41 | D        | Reached XP level 3. HP: 22/37 MP: 2/2
   214 | D        | Noticed a water elemental
   222 | D        | Killed a water elemental
   222 | D        | Reached *** piety under Trog
   223 | D        | Reached XP level 4. HP: 30/47 MP: 3/3
   466 | D        | Found a glowing silver altar of Zin.
   466 | D        | Found a glowing golden altar of the Shining One.
   466 | D        | Found a white marble altar of Elyvilon.
   467 | D        | Noticed a deep elf pyromancer
   478 | D        | Noticed a fire elemental
   478 | D        | Noticed a fire elemental
   483 | D        | Killed a deep elf pyromancer
   484 | D        | Reached XP level 5. HP: 7/61 MP: 4/4
   484 | D        | Reached XP level 6. HP: 7/68 MP: 5/5
   484 | D        | Reached XP level 7. HP: 8/74 MP: 6/6
   790 | D        | Found a radiant altar of Vehumet.
   790 | D        | Found a shimmering blue altar of Sif Muna.
   790 | D        | Found an ancient bone altar of Kikubaaqudgha.
   796 | D        | Reached **** piety under Trog
   863 | D        | Found a basalt altar of Yredelemnul.
   863 | D        | Found a shadowy altar of Dithmenos.
   863 | D        | Found a sacrificial altar of Ru.
   868 | D        | Reached ***** piety under Trog
   945 | D        | Found a hide-covered altar of Uskayaw.
   945 | D        | Found an iron altar of Okawaru.
   945 | D        | Found a bloodstained altar of Trog.
   945 | D        | Found an ornate altar of the Wu Jian Council.
   945 | D        | Noticed a human
   946 | D        | Noticed a human
   952 | D        | Killed a human
   956 | D        | Killed a human
  1191 | D        | Noticed a shadow
  1194 | D        | Killed a shadow
  1195 | D        | Reached XP level 8. HP: 86/86 MP: 7/7
  1233 | D        | Found a blossoming altar of Fedhas.
  1233 | D        | Found a stormy altar of Qazlal.
  1233 | D        | Found a snail-covered altar of Cheibriados.
  1233 | D        | Found a burning altar of Makhleb.
  1233 | D        | Found a shimmering altar of Xom.
  1234 | D        | Found a hazy altar of Hepliaklqana.
  1234 | D        | Found an opulent altar of Gozag.
  1234 | D        | Found a sparkling altar of Nemelex Xobeh.
  1234 | D        | Found a corrupted altar of Lugonu.
  1234 | D        | Found a viscous altar of Jiyva.
  1300 | D        | Noticed Snorg
  1315 | D        | HP: 3/129 [Snorg (24)]
  1318 | D        | Demolished by Snorg

Illustrated notes

Levels and vault maps discovered:
D:        dungeon_sprint_mu [sprint_mu_entry_forest, sprint_mu_temple_rooms,
          sprint_mu_d1_horrors, sprint_mu_d2_genie, sprint_mu_d3_branching,
          sprint_mu_orc_legion, sprint_mu_elf_gauntlet, sprint_mu_hive_nellie,
          sprint_mu_lair_fedhas, sprint_mu_vaults_butterflies,
          sprint_mu_slime_circle, sprint_mu_shoals_kraken,
          sprint_mu_snake_twists, sprint_mu_blade_basic, sprint_mu_crypt_lich,
          sprint_mu_tomb_spiral, sprint_mu_vestibule_basic,
          sprint_mu_gehenna_hellfire, sprint_mu_dis_giant,
          sprint_mu_tartarus_statrot, sprint_mu_cocytus_islands, sprint_mu_zot1]

Skill      XL: |  1  2  3  4  5  6  7  8 |
---------------+-------------------------+-----
Fighting       | 5 7 11 13 | 13.4
Maces & Flails | 5 7 11 13 | 13.8
Armour         | 3 4 6 7 |  7.0
Dodging        | 3 6 7 |  7.7

Action                   |  1- 3 |  4- 6 |  7- 9 || total
-------------------------+-------+-------+-------++-------
Melee: Mace              |    13 |    18 |    32 ||    63
       Headbutt          |     6 |     1 |     8 ||    15
Invok: Berserk           |     1 |     1 |     6 ||     8
Evoke: Piece from Xom's  |       |       |     2 ||     2
  Use: Potion            |     1 |       |     2 ||     3
Armor: Animal skin       |     1 |     2 |     1 ||     4
Dodge: Dodged            |     7 |     5 |    18 ||    30

Table legend: (Time is in decaauts)
 A = Elapsed time spent in this place.
 B = Non-inter-level travel time spent in this place.
 C = Inter-level travel time spent in this place.
 D = Time resting spent in this place.
 E = Time spent auto-exploring this place.
 F = Levels seen in this place.
 G = Mean time per level.
                   A        B        C        D        E       F      G
               +--------+--------+--------+--------+--------+-----+--------+
         Total |   1376 |   1376 |      0 |   1053 |    109 |   1 | 1376.0 |
       Dungeon |   1376 |   1376 |      0 |   1053 |    109 |   1 | 1376.0 |
               +--------+--------+--------+--------+--------+-----+--------+

Top non-repeatable levels by time:
       D: 1376 daAuts
